 Dungeon Crawl Stone Soup version 0.26-a0-844-g3dd439832f (webtiles) character file.

Game seed: 13104944431951829277

3686 robertstho the Cleaver (level 9, -2/82 HPs)
             Began as a Deep Dwarf Fighter on Nov 18, 2020.
             Was an Elder of Elyvilon.
             Slain by a two-headed ogre
             ... wielding a +0 giant club
              (10 damage)
             ... on level 8 of the Dungeon.
             The game lasted 00:11:39 (5926 turns).

robertstho the Cleaver (Deep Dwarf Fighter)         Turns: 5926, Time: 00:11:40

Health: -2/82      AC: 11    Str: 24    XL:     9   Next: 90%
Magic:  9/9        EV:  7    Int:  8    God:    Elyvilon [****..]
Gold:   322        SH: 11    Dex: 12    Spells: 8/8 levels left

rFire    + . .     SeeInvis .   y - +0 broad axe
rCold    . . .     Faith    .   c - +0 kite shield
rNeg     . . .     Spirit   .   s - +0 chain mail
rPois    +         Reflect  .   (no helmet)
rElec    .         Harm     .   (no cloak)
rCorr    .         Rampage  .   (no gloves)
MR       +....                  l - +0 pair of boots
Stlth    ..........             w - amulet of the acrobat
HPRegen  0.00/turn              B - ring of poison resistance
MPRegen  0.11/turn              f - ring of protection from fire

@: non-regenerating, drained
A: damage resistance, heal wounds, sense surroundings 2, no regeneration
a: Heal Wounds, Lesser Healing, Heal Other, Purification, Greater Healing,
Divine Protection, Renounce Religion


You were on level 8 of the Dungeon.
You worshipped Elyvilon.
Elyvilon was greatly pleased with you.
You visited 2 branches of the dungeon, and saw 9 of its levels.
You also visited: Sewer.

You collected 412 gold pieces.
You spent 90 gold pieces at shops.

Inventory:

Hand Weapons
 y - a +0 broad axe (weapon)
 A - a +3 scythe of flaming
Armour
 c - a +0 kite shield (worn)
 l - a +0 pair of boots (worn)
 s - a +0 chain mail (worn)
Jewellery
 f - a ring of protection from fire (right hand)
 w - an amulet of the acrobat (around neck)
 B - a ring of poison resistance (left hand)
Wands
 o - a wand of iceblast (13)
Scrolls
 a - 2 scrolls of remove curse
 b - a scroll of blinking {unknown}
 e - a scroll of identify
 g - 2 scrolls of noise {unknown}
 h - 2 scrolls of magic mapping {unknown}
 k - 4 scrolls of teleportation {unknown}
 m - a scroll of fog {unknown}
 n - 5 scrolls of enchant weapon {unknown}
 r - 2 scrolls of enchant armour {unknown}
 u - a scroll of immolation {unknown}
 x - 3 scrolls of fear
Potions
 j - 2 potions of curing
 p - 3 potions of magic {unknown}
 q - a potion of cancellation {unknown}
 t - 6 potions of heal wounds {unknown}
 v - 4 potions of brilliance {unknown}
 z - 4 potions of flight


   Skills:
 + Level 5.9(5.3) Fighting
 + Level 9.3(8.6) Axes
 + Level 7.0(6.3) Armour
 + Level 2.5(2.0) Dodging
 + Level 0.6(0.1) Stealth
 + Level 7.1(6.5) Shields
 * Level 6.7(6.1) Invocations


You had 8 spell levels left.
You didn't know any spells.
Your spell library was empty.

Dungeon Overview and Level Annotations

Branches:
Dungeon (8/15)             Temple (1/1) D:4           Sewer (visited)
   Lair: D:8-11

Altars:
Ashenzari
Cheibriados
Dithmenos
Elyvilon
Fedhas
Gozag
Hepliaklqana
Kikubaaqudgha
Makhleb
Nemelex Xobeh
Okawaru
Qazlal
Ru
Trog
Vehumet
Wu Jian
Xom
Yredelemnul
Zin
The Shining One

Shops:
D:4 ?   D:6 :

Annotations:
D:4 scroll shop


Innate Abilities, Weirdness & Mutations

You are resistant to damage.
You can heal yourself by infusing magical energy.
You passively map the area around you.
You do not regenerate.


Message History

You hit the two-headed ogre.
The two-headed ogre is heavily wounded.
You block the two-headed ogre's attack.
The two-headed ogre hits you with a +0 giant spiked club.
The orc priest casts a cantrip, but nothing happens.
You closely miss the two-headed ogre.
The two-headed ogre is heavily wounded.
The two-headed ogre hits you with a +0 giant club.
You block the two-headed ogre's attack.
You hit the two-headed ogre but do no damage.
The two-headed ogre is heavily wounded.
The two-headed ogre hits you with a +0 giant club!!
* * * LOW HITPOINT WARNING * * *
You block the two-headed ogre's attack.
You barely miss the two-headed ogre.
The two-headed ogre is heavily wounded.
The two-headed ogre hits you with a +0 giant club!!
Elyvilon protects you from harm!
The two-headed ogre hits you with a +0 giant spiked club!
You die...

.........'...
.....#...........
.........#### #..'..........,
.........+.# #..#..........
.........#.# #..>o........ ,
...........# ###oo........
..........## #..##....#.#* *
#...###.#.# #o.....#)#.#
#.#.###.#.#########oo....#.#.#
#.......#.#.....@Ooo####.#..O#
####.####.#.######### *.##.<#
####.# #.#.# *#.## .....#
#.#.## * #? , ###### #....# ,
## * ###### **,* * *, *, , *,


You could see a two-headed ogre, an orc warrior, an orc priest, an orc wizard
and an orc.

Vanquished Creatures
  A two-headed ogre (D:7)
  Maggie (D:6)
  Sigmund (D:3)
  A water moccasin (D:8)
  Purgy (Sewer)
  2 ice beasts
  An orc warrior (D:8)
  3 ogres
  A sky beast (D:7)
  A phantom (D:5)
  The ghost of marklar909 the Ruffian, an amateur DrTm (D:3)
  2 big kobolds (D:8)
  2 bullfrogs
  A scorpion (D:4)
  2 water moccasin skeletons
  5 wights (D:8)
  2 bullfrog zombies
  2 hounds
  4 jellies
  2 orc priests (D:8)
  Terence (D:2)
  8 orc wizards
  6 worker ants
  2 hound zombies
  A howler monkey skeleton (D:6)
  A gnoll (D:1)
  5 adders
  2 river rats (D:3)
  2 shadow imps
  2 white imps
  An ufetubus (D:8)
  An adder skeleton (D:4)
  5 leopard geckos
  18 orcs
  6 bats
  6 giant cockroaches
  6 hobgoblins
  6 jackals
  23 kobolds
  3 quokkas
  7 ball pythons
  6 frilled lizards
  8 goblins
  A quokka skeleton (D:4)
  A quokka zombie (D:6)
  10 rats
174 creatures vanquished.

Notes
Turn   | Place    | Note
-------+----------+-------------------------------------------
     0 | D:1      | robertstho the Deep Dwarf Fighter began the quest for the
                  | Orb.
     0 | D:1      | Reached XP level 1. HP: 20/20 MP: 1/1
   120 | D:1      | Reached XP level 2. HP: 25/27 MP: 2/2
   290 | D:1      | Reached XP level 3. HP: 28/34 MP: 3/3
   666 | D:2      | Found a shadowy altar of Dithmenos.
   798 | D:2      | Noticed Terence
   809 | D:2      | Killed Terence
   810 | D:2      | Reached skill level 3 in Axes
   810 | D:2      | Reached XP level 4. HP: 27/42 MP: 4/4
   813 | D:2      | Found an iron altar of Okawaru.
   939 | D:2      | Found a snail-covered altar of Cheibriados.
  1186 | D:2      | Found a sparkling altar of Nemelex Xobeh.
  1546 | D:3      | Found a glowing drain.
  1576 | Sewer    | Entered a sewer
  1611 | Sewer    | Noticed Purgy
  1629 | Sewer    | Killed Purgy
  1630 | Sewer    | Reached skill level 4 in Axes
  1630 | Sewer    | Reached skill level 1 in Dodging
  1630 | Sewer    | Reached XP level 5. HP: 25/49 MP: 4/4
  1736 | D:3      | Found a runed translucent gate.
  1736 | D:3      | Found a runed translucent gate.
  1736 | D:3      | Found a runed translucent gate.
  1738 | D:3      | Noticed marklar909's ghost (amateur DrTm)
  1970 | D:3      | Noticed Sigmund
  1981 | D:3      | Killed Sigmund
  1982 | D:3      | Reached XP level 6. HP: 24/57 MP: 5/5
  2290 | D:3      | Killed marklar909's ghost
  2291 | D:3      | Reached skill level 5 in Axes
  2316 | D:4      | Found Cosomoax's Magic Scroll Boutique.
  2324 | D:4      | Bought a scroll of random uselessness for 12 gold pieces
  2324 | D:4      | Bought a scroll of fear for 42 gold pieces
  2324 | D:4      | Bought a scroll of remove curse for 36 gold pieces
  2412 | D:4      | Reached XP level 7. HP: 18/64 MP: 6/6
  2520 | D:4      | Reached skill level 5 in Shields
  2543 | D:4      | Found a staircase to the Ecumenical Temple.
  2565 | Temple   | Entered the Ecumenical Temple
  2588 | Temple   | Became a worshipper of Elyvilon the Healer
  2821 | D:5      | Entered Level 5 of the Dungeon
  2948 | D:5      | Reached skill level 5 in Armour
  2948 | D:5      | Reached skill level 1 in Invocations
  2949 | D:5      | Found a glowing golden altar of the Shining One.
  3155 | D:5      | Reached skill level 6 in Axes
  3181 | D:5      | Reached * piety under Elyvilon
  3426 | D:5      | Found a stormy altar of Qazlal.
  3429 | D:5      | Found a radiant altar of Vehumet.
  3920 | D:6      | Reached ** piety under Elyvilon
  4030 | D:6      | Noticed Maggie
  4036 | D:6      | Reached XP level 8. HP: 46/73 MP: 6/8
  4051 | D:6      | Killed Maggie
  4091 | D:6      | Found a blossoming altar of Fedhas.
  4110 | D:6      | Reached skill level 7 in Axes
  4221 | D:6      | Found Nearucle's Book Boutique.
  4883 | D:7      | Reached *** piety under Elyvilon
  5167 | D:8      | Noticed a two-headed ogre
  5176 | D:8      | Noticed a two-headed ogre
  5196 | D:7      | Elyvilon protects you from harm!
  5201 | D:7      | Killed a two-headed ogre
  5202 | D:7      | Reached skill level 5 in Fighting
  5202 | D:7      | Reached skill level 8 in Axes
  5202 | D:7      | Reached skill level 5 in Invocations
  5202 | D:7      | Gained mutation: You passively map the area around you.
                  | [Deep Dwarf growth]
  5202 | D:7      | Reached XP level 9. HP: 21/81 MP: 8/10
  5264 | D:8      | Found a bloodstained altar of Trog.
  5543 | D:8      | Reached skill level 9 in Axes
  5862 | D:8      | Reached **** piety under Elyvilon
  5916 | D:8      | HP: 2/82 [two-headed ogre/+0 giant club (15)]
  5917 | D:8      | Elyvilon protects you from harm!
  5926 | D:8      | Elyvilon protects you from harm!
  5926 | D:8      | Slain by a two-headed ogre

Illustrated notes

Levels and vault maps discovered:
D:1:      minmay_arrival_stone_box, layout_basic, minmay_tall_x
D:2:      layout_rooms, nicolae_dithmenos_shadow_blocks, lemuel_doored_altar,
          nicolae_overflow_crystal_walls, marbit_many_paths,
          serial_co_window_serial, co_window_paths_b, co_window_corner_a,
          co_window_corner_a, co_window_paths_a, co_window_paths_a,
          co_window_cross_3, co_window_unsneaky_path_a, co_window_corner_b,
          co_window_unsneaky_path_b, glass_columns_b, glass_columns_a,
          glass_columns_b, glass_columns_a, glass_columns_a,
          minmay_misc_feat_diagonals, uniq_terence
D:3:      layout_loops_ring, portal_sewer_entry_b, ebering_ghost_rock_garden,
          uniq_sigmund
D:4:      layout_basic, minmay_temple_entry_junction, serial_shops,
          nicolae_shop_stone
D:5:      layout_basic, overflow_temple_1_default, grunt_temple_overflow_open
D:6:      layout_cave_pods, fedhas_altar_2, serial_shops,
          nicolae_shop_statue_plus, uniq_maggie
D:7:      layout_cave_pools
D:8:      layout_basic, kennysheep_mini, serial_aquarium,
          aquarium_bridge_long_joined [aquarium_subvault_window,
          aquarium_subvault_wall, aquarium_subvault_bridge,
          aquarium_subvault_window, aquarium_subvault_bridge,
          aquarium_subvault_balcony], aquarium_window_fake,
          aquarium_window_fake, aquarium_view_2f, enter_bailey_8,
          kennysheep_opposing_triangles
Temple:   minmay_temple_bridge_abc

Skill      XL: |  1  2  3  4  5  6  7  8  9 |
---------------+----------------------------+-----
Fighting       | 3 4 5 |  5.9
Axes           | 3 4 5 6 8 9 |  9.3
Shields        | 4 5 6 7 |  7.1
Armour         | 4 5 6 7 |  7.0
Dodging        | 1 2 |  2.5
Invocations    | 2 5 6 |  6.7
Stealth        | |  0.6

Action                   |  1- 3 |  4- 6 |  7- 9 || total
-------------------------+-------+-------+-------++-------
Melee: War axe           |    84 |   101 |       ||   185
       Broad axe         |       |    63 |   461 ||   524
Invok: Divine Protection |       |       |     1 ||     1
 Abil: Heal Wounds       |       |     5 |    20 ||    25
  Use: Scroll            |       |     3 |     3 ||     6
       Potion            |       |       |     3 ||     3
Armor: Scale mail        |    47 |     2 |       ||    49
       Chain mail        |       |   123 |   193 ||   316
Dodge: Dodged            |    30 |    43 |   130 ||   203
Block: Kite shield       |    51 |   117 |   265 ||   433

Table legend: (Time is in decaauts)
 A = Elapsed time spent in this place.
 B = Non-inter-level travel time spent in this place.
 C = Inter-level travel time spent in this place.
 D = Time resting spent in this place.
 E = Time spent auto-exploring this place.
 F = Levels seen in this place.
 G = Mean time per level.
                   A        B        C        D        E       F      G
               +--------+--------+--------+--------+--------+-----+--------+
         Total |   6245 |   5982 |    263 |      0 |   4174 |  10 |  624.5 |
       Dungeon |   6045 |   5803 |    242 |      0 |   4130 |   8 |  755.6 |
        Temple |     44 |     23 |     21 |      0 |     12 |   1 |   44.0 |
         Sewer |    156 |    156 |      0 |      0 |     31 |   1 |  156.0 |
               +--------+--------+--------+--------+--------+-----+--------+

Top non-repeatable levels by time:
     D:5: 1137 daAuts
     D:6: 859 daAuts
     D:3: 807 daAuts
     D:2: 793 daAuts
     D:8: 775 daAuts
     D:1: 683 daAuts
     D:7: 510 daAuts
     D:4: 478 daAuts
   Sewer: 156 daAuts
  Temple: 44 daAuts
